 Dungeon Crawl Stone Soup version 0.21.1-1-g345015f (webtiles) character file.

385 inc the Caller (level 6, -7/24 HPs)
             Began as a Felid Ice Elementalist on Mar 5, 2018.
             Was an Initiate of Vehumet.
             Killed by nerve-wracking pain
             ... invoked by a shadow imp
              (13 damage)
             ... on level 4 of the Dungeon.
             The game lasted 00:10:26 (6465 turns).

inc the Caller (Felid Ice Elementalist)             Turns: 6465, Time: 00:10:26

Health: -7/24      AC:  8    Str:  4    XL:     6   Next: 48%
Magic:  4/10       EV: 18    Int: 18    God:    Vehumet [......]
Gold:   201        SH:  0    Dex: 17    Spells: 1/9 levels left
                                        Lives:  0   Deaths: 1

rFire    . . .     SeeInvis +   (weapon unavailable)
rCold    . . .     Gourm    .   (shield unavailable)
rNeg     . . .     Faith    .   (armour unavailable)
rPois    .         Spirit   .   (helmet unavailable)
rElec    .         Reflect  .   (cloak unavailable)
rCorr    .         Harm     .   (gloves unavailable)
MR       .....                  (boots unavailable)
Stlth    +++.......             (no amulet)
HPRegen  0.08/turn              k - ring of wizardry
MPRegen  0.12/turn              (no ring)

@: icy armour, quick
A: very small, no armour, no weapons or thrown items, stealth, claws 1, fangs 3,
see invisible, carnivore, speed 1, shaggy fur 2, slow metabolism 1, wild magic
1, sharp paws
a: Renounce Religion


You were on level 4 of the Dungeon.
You worshipped Vehumet.
Vehumet was noncommittal.
You were full.

You visited 2 branches of the dungeon, and saw 7 of its levels.

You collected 201 gold pieces.

Inventory:

Jewellery
 k - a ring of wizardry (left paw)
Wands
 r - a wand of flame (20)
 s - a wand of enslavement (12)
 w - a wand of random effects (19)
 z - a wand of clouds (4)
Scrolls
 e - 2 scrolls of random uselessness {unknown}
 g - a scroll of fear {unknown}
 h - 3 scrolls of identify
 j - a scroll of remove curse {unknown}
 l - 3 scrolls of blinking {unknown}
 m - 3 scrolls of amnesia {unknown}
 o - 3 scrolls of enchant armour {unknown}
 p - a scroll of fog {unknown}
 q - a scroll of teleportation {unknown}
 u - a scroll of enchant weapon {unknown}
 x - 2 scrolls of immolation {unknown}
 y - a scroll of magic mapping {unknown}
Potions
 c - 2 potions of lignification {unknown}
 d - a potion of mutation
 f - a potion of brilliance
 v - 2 potions of degeneration
Books
 a - a book of Frost

   Spells                             Type                      Level
   a - Freeze                         Ice                          1
   b - Throw Frost                    Conjuration/Ice              2
   c - Ozocubu's Armour               Charms/Ice                   3
   d - Throw Icicle                   Conjuration/Ice              4
   e - Summon Ice Beast               Ice/Summoning                4
Comestibles
 b - 13 rations


   Skills:
 - Level 2.6 Dodging
 - Level 2.6 Stealth
 - Level 2.0 Spellcasting
   Level 0.8 Conjurations
 - Level 2.8 Charms
 + Level 5.4 Summonings
 - Level 5.0 Ice Magic


You had one spell level left.
You knew the following spells:

 Your Spells              Type           Power        Failure   Level  Hunger
a - Freeze                Ice            ####         1%          1    #......
b - Ozocubu's Armour      Chrm/Ice       ###.....     6%          3    ###....
c - Summon Ice Beast      Ice/Summ       ####....     12%         4    #####..


Dungeon Overview and Level Annotations

Branches:
Dungeon (6/15)             Temple (1/1) D:5

Altars:
Ashenzari
Dithmenos
Elyvilon
Fedhas
Kikubaaqudgha
Nemelex Xobeh
Okawaru
Qazlal
Ru
Sif Muna
Trog
Uskayaw
Vehumet
Wu Jian
Xom
Yredelemnul
Zin
The Shining One

Annotations:
D:3 letownia2's ghost, amateur TeFE


Innate Abilities, Weirdness & Mutations

You cannot wear armour.
You are incapable of wielding weapons or throwing items.
Your paws allow you to move quietly. (Stealth)
You have sharp claws.
You have razor-sharp teeth.
You have supernaturally acute eyesight. (SInv)
You are carnivorous and can eat meat at any time.
You cover ground quickly.
You are covered in thick fur. (AC +2)
You have a slow metabolism.
Your sharp claws are effective at attacking unaware monsters.
Your spells are a little harder to cast, but a little more powerful.


Message History

The shadow imp closely misses you.
You barely miss the shadow imp.
The shadow imp is severely wounded.
The shadow imp hits you but does no damage.
You closely miss the shadow imp.
The shadow imp is severely wounded.
The shadow imp hits you.
You scratch the shadow imp.
The shadow imp is almost dead.
The shadow imp hits you but does no damage.
Casting: Freeze
Confirm with . or Enter, or press ? or * to list all spells.
A chill wind blows around you. The shadow imp hits you.
* * * LOW HITPOINT WARNING * * *
You scratch the shadow imp but do no damage.
The shadow imp is almost dead.
The shadow imp gestures at you. Pain shoots through your body!
Ouch! That really hurt!
You die...

#.#.......# #...
#.#.......# #.##
#.#.......# #.#.
######.#.......#####.#.
#......#.########.##.#.
#......#.#........##.#.
#......#.#.######.##.#.
######>.Y...[.........[
#@#.#.######.##.#.
#5#.#.######.##.#.
####.#..........##.#.
#.........########.#.
#....................
#......>..########.##
#...............#....
#...............#....
#....................


You could see a shadow imp and a friendly ice beast.

Vanquished Creatures
  A centaur (D:4)
  A bullfrog (D:6)
  A howler monkey (D:5)
  A centaur skeleton (D:6)
  An iguana (D:4)
  A worker ant (D:5)
  Robin (D:3)
  7 adders
  2 oozes
  An adder skeleton (D:4)
  4 dart slugs
  2 leopard geckos
  12 orcs
  8 bats
  5 giant cockroaches
  4 goblins
  12 hobgoblins
  4 jackals (D:1)
  13 kobolds
  A quokka (D:2)
  A ball python (D:1)
  4 frilled lizards
  2 rats (D:3)
89 creatures vanquished.

Vanquished Creatures (collateral kills)
  An ogre (D:5)
  A centaur (D:6)
  A bullfrog (D:6)
  A hound (D:6)
4 creatures vanquished.

Grand Total: 93 creatures vanquished

Notes
Turn   | Place    | Note
-------+----------+-------------------------------------------
     0 | D:1      | inc the Felid Ice Elementalist began the quest for the Orb.
     0 | D:1      | Reached XP level 1. HP: 7/7 MP: 4/4
   268 | D:1      | Reached XP level 2. HP: 10/11 MP: 3/6
  1067 | D:1      | Reached XP level 3. HP: 13/14 MP: 1/7
  1714 | D:2      | Found a sparkling altar of Nemelex Xobeh.
  2104 | D:2      | Reached XP level 4. HP: 18/18 MP: 4/8
  2639 | D:3      | Noticed letownia2's ghost (amateur TeFE)
  2797 | D:3      | Reached skill level 5 in Ice Magic
  2829 | D:3      | Learned a level 3 spell: Ozocubu's Armour
  2864 | D:3      | Noticed Robin
  3095 | D:3      | Killed Robin
  3095 | D:3      | Reached skill level 1 in Charms
  3097 | D:3      | Reached XP level 5. HP: 18/21 MP: 4/9
  3872 | D:4      | Learned a level 4 spell: Summon Ice Beast
  3925 | D:4      | Noticed a centaur
  3935 | D:4      | Killed a centaur
  3935 | D:4      | Gained mutation: You are covered in thick fur. (AC +2) [Felid growth]
  3935 | D:4      | Reached XP level 6. HP: 22/24 MP: 3/10
  4281 | D:5      | Entered Level 5 of the Dungeon
  4607 | D:5      | Found a staircase to the Ecumenical Temple.
  4657 | Temple   | Entered the Ecumenical Temple
  4823 | Temple   | Became a worshipper of Vehumet
  5137 | D:5      | Found a shadowy altar of Dithmenos.
  5547 | D:5      | Found a blossoming altar of Fedhas.
  5548 | D:5      | Found an iron altar of Okawaru.
  5898 | D:6      | HP: 1/24 [bullfrog (7)]
  5925 | D:6      | HP: 1/24 [centaur (3)]
  5926 | D:6      | Slain by a centaur
  5927 | D:6      | Reached XP level 5. HP: -2/21 MP: 6/9
  5933 | D:6      | Reached XP level 6. HP: 10/24 MP: 8/10
  5937 | D:6      | Reached skill level 5 in Summonings
  5960 | D:6      | Gained mutation: Your spells are a little harder to cast, but a little more powerful. [potion of mutation]
  6465 | D:4      | Killed from afar by a shadow imp

Skill      XL: |  1  2  3  4  5  6 |
---------------+-------------------+-----
Ice Magic      | 3 4 5 |  5.0
Charms         | 1 2 |  2.8
Summonings     | 2 5 |  5.4
Dodging        | |  2.6
Stealth        | |  2.6
Spellcasting   | |  2.0
Conjurations   | |  0.8

Action                   |  1- 3 |  4- 6 || total
-------------------------+-------+-------++-------
Melee: Unarmed           |    14 |    62 ||    76
       Bite              |       |     5 ||     5
 Cast: Freeze            |    57 |    99 ||   156
       Ozocubu's Armour  |       |     4 ||     4
       Summon Ice Beast  |       |     6 ||     6
  Use: Scroll            |       |     4 ||     4
       Potion            |       |     7 ||     7
 Stab: Sleeping          |     6 |     7 ||    13
  Eat: Chunk             |     2 |    18 ||    20
       Ration            |       |     1 ||     1
Armor: Skin              |     4 |    18 ||    22
Dodge: Dodged            |    54 |   144 ||   198
